 Dungeon Crawl Stone Soup version bcrawl-1.21.2-20-g6d45ba5942 (webtiles) character file.

Game seed: 7706529130427897071

56 Freyura the Ruffian (level 3, -8/36 HPs)
             Began as a Troll Fighter on Feb 29, 2020.
             Mangled by Sigmund
             ... wielding a +1 scythe of protection
              (14 damage)
             ... on level 2 of the Dungeon.
             The game lasted 00:02:48 (1073 turns).

Freyura the Ruffian (Troll Fighter)                 Turns: 1073, Time: 00:02:48

Health: -8/36      AC:  6    Str: 24    XL:     3   Next: 69%
Magic:  2/2        EV:  8    Int:  5    God:
Gold:   122        SH:  8    Dex: 10    Spells: 2/2 levels left

rFire    . . .     SeeInvis .     - Unarmed
rCold    . . .     Gourm    +   a - +0 medium shield
rNeg     . . .     Faith    .   (armour unavailable)
rPois    .         Spirit   .   (helmet restricted)
rElec    .         Reflect  .   d - +0 cloak
rCorr    .         Harm     .   (gloves unavailable)
MR       .....                  (boots unavailable)
Stlth    +.........             (no amulet)
HPRegen  0.12/turn              (no ring)
MPRegen  0.08/turn              (no ring)

@: no status effects
A: large, almost no armour, unfitting armour, claws 3, fast metabolism 3,
gourmand, AC +5
a: no special abilities


You were on level 2 of the Dungeon.
You were completely stuffed.

You visited 1 branch of the dungeon, and saw 2 of its levels.

You collected 122 gold pieces.

Inventory:

Armour
 a - a +0 medium shield (worn)
 d - a +0 cloak (worn)
Scrolls
 g - 2 scrolls of identify {unknown}
 i - a scroll of noise {unknown}
 m - a scroll of remove curse {unknown}
Potions
 b - 2 potions of might
 c - a potion of lignification {unknown}
 f - 3 potions of agility {unknown}
 h - a potion of cancellation {unknown}
 j - a potion of magic {unknown}
 k - a potion of haste
 l - a potion of ambrosia {unknown}
Comestibles
 e - 2 rations {!d}


   Skills:
 + Level 2.9 Fighting
 - Level 2.4 Dodging
 - Level 2.0 Shields
 * Level 3.5 Unarmed Combat


You had 2 spell levels left.
You didn't know any spells.
Your spell library was empty.

Dungeon Overview and Level Annotations

Branches:
Dungeon (2/12)

Altars:

Annotations:
D:2 Sigmund


Innate Abilities, Weirdness & Mutations

You cannot wear most types of armour.
Your thick skin is tough. (AC +5)
You are too large for most types of armour.
You have claws for hands.
Your metabolism is lightning-fast.
You like to eat raw meat.


Message History

Sigmund points at you and mumbles some strange words.
The magic dart hits you.
* * * LOW HITPOINT WARNING * * *
You bump into the rock wall.
Sigmund gestures at you while chanting. The puff of flame misses you.
You're too confused to move!
You feel less confused.
Sigmund says, "Look into my eyes."
Sigmund closely misses you. Sigmund barely misses you.
You claw Sigmund!
Sigmund is severely wounded.
Sigmund screams, "Die, monster!"
Sigmund mumbles some strange words.
Sigmund flickers and vanishes!
Deactivating autopickup; reactivate with Ctrl-A.
Something hits you but does no damage.
You closely miss something. Something hits you!
You die...

...####.#..#.###
########. ..
#.##.#.########......#.
#.............#.####.#.
#.......#####.#.#....#.
##.#.##.##......)......
#.#.......##.#.#....##
# #.####.#####.#.####.#
....####.#####.#.. ..#
#...{@.......########
#.....######## #.###.#
# #.# #.# #.# #.# ..#


There were no monsters in sight!

Vanquished Creatures
  2 adders (D:2)
  A dart slug (D:2)
  A leopard gecko (D:1)
  5 bats
  2 giant cockroaches (D:2)
  2 hobgoblins
  4 jackals (D:1)
  4 quokkas (D:2)
  2 ball pythons (D:1)
  A frilled lizard (D:2)
  3 goblins (D:1)
  3 kobolds (D:1)
  4 rats
34 creatures vanquished.

Notes
Turn   | Place    | Note
-------+----------+-------------------------------------------
     0 | D:1      | Freyura the Troll Fighter began the quest for the Orb.
     0 | D:1      | Reached XP level 1. HP: 22/22 MP: 0/0
   124 | D:1      | Reached XP level 2. HP: 27/29 MP: 1/1
   617 | D:1      | Reached skill level 3 in Unarmed Combat
   729 | D:2      | Reached XP level 3. HP: 32/36 MP: 2/2
  1055 | D:2      | Noticed Sigmund
  1073 | D:2      | Mangled by Sigmund

Skill      XL: |  1  2 |
---------------+-------+-----
Unarmed Combat | 3 |  3.5
Fighting       | |  2.9
Dodging        | |  2.4
Shields        | |  2.0

Action                   || total
-------------------------++-------
Melee: Unarmed           ||    91
 Stab: Sleeping          ||     1
  Eat: Chunk             ||    12
Armor: Skin              ||    31
Dodge: Dodged            ||    35
Block: Medium shield     ||    38
